 Dungeon Crawl Stone Soup version 0.16-a0-3325-g64f94fb (webtiles) character file.

1383 Chiseanne the Ducker (level 8, 0/78 HPs)
             Began as a Troll Transmuter on Dec 27, 2014.
             Slain by a goliath beetle (15 damage)
             ... on level 6 of the Dungeon.
             The game lasted 00:18:23 (4953 turns).

Chiseanne the Ducker (Troll Transmuter)             Turns: 4953, Time: 00:18:23

Health: 0/78       AC:  7    Str: 21    XL:     8   Next: 40%
Magic:  9/9        EV: 12    Int: 11    God:
Gold:   289        SH:  0    Dex: 10    Spells: 2 memorised, 8 levels left

rFire  + . .     SeeInvis .       - Unarmed
rCold  + . .     Clarity  .     g - +2 robe {rC+ rF+}
rNeg   . . .     SustAb   .     (shield restricted)
rPois  .         Gourm    +     (helmet restricted)
rElec  .         Spirit   .     (no cloak)
rCorr  .         Warding  .     (gloves unavailable)
rMut   .         Stasis   .     (boots unavailable)
MR     .....                    c - amulet of inaccuracy (curse)
Stlth  +.........               (no ring)
                                p - +2 ring of strength

@: appendage (expiring), not resistant to hostile enchantments, very unstealthy
A: unfitting armour, claws 3, horns 2, fast metabolism 3, gourmand, regeneration
2, shaggy fur 1, tough skin 2
a: End Transformation


You were on level 6 of the Dungeon.
You were not hungry.
You had grown temporary horns.
You visited 1 branch of the dungeon, and saw 6 of its levels.

You collected 289 gold pieces.

Inventory:

Missiles
 e - a throwing net
 l - 9 tomahawks (quivered)
 r - 24 poisoned needles
 u - 5 large rocks
Armour
 g - a +2 robe of resistance (worn)
Jewellery
 c - a cursed amulet of inaccuracy (around neck)
 f - an uncursed ring of fire
 p - a +2 ring of strength (left claw)
Scrolls
 b - a scroll of recharging
 i - a scroll of teleportation
Potions
 h - a potion of mutation
 j - 2 potions of restore abilities
 k - 3 potions of brilliance
 n - a potion of berserk rage {unknown}
 s - 4 potions of curing
 w - a potion of cure mutation
Books
 d - a book of Changes

   Spells                             Type                      Level
   a - Beastly Appendage              Transmutation                1
   b - Sticks to Snakes               Transmutation                2
   c - Spider Form                    Transmutation/Poison         3
   d - Ice Form                       Ice/Transmutation            4
   e - Blade Hands                    Transmutation                5
Comestibles
 a - 4 meat rations
 m - 2 beef jerkies
 o - a slice of pizza
 q - 2 bread rations


   Skills:
 * Level 3.8 Fighting
 - Level 1.3 Throwing
 * Level 6.4 Dodging
 - Level 3.0 Unarmed Combat
 * Level 2.6 Spellcasting
 * Level 2.8 Transmutations


You had 8 spell levels left.
You knew the following spells:

 Your Spells              Type           Power        Failure   Level  Hunger
a - Beastly Appendage     Trmt           #.....       12%         1    ##.....
b - Spider Form           Trmt/Pois      #.........   47%         3    ####...


Dungeon Overview and Level Annotations

Branches:
Dungeon (6/15)
 Temple: D:4-7

Altars:
Cheibriados
Gozag
Qazlal
Trog

Shops:
D:5 [


Innate Abilities, Weirdness & Mutations

You are too large for most types of armour.
You have claws for hands.
Your metabolism is lightning-fast.
You like to eat raw meat.
You heal very quickly.
You are covered in fur (AC +1).
You have very tough skin (AC +2).
You have a pair of horns on your head.


Message History

The goliath beetle is heavily wounded.
The goliath beetle bites you!
You scratch the goliath beetle but do no damage.
You headbutt the goliath beetle, but do no damage.
The goliath beetle is heavily wounded.
Your transformation is almost over.
You scratch the goliath beetle but do no damage.
You headbutt the goliath beetle.
The goliath beetle is heavily wounded.
You closely miss the goliath beetle.
You headbutt the goliath beetle, but do no damage.
The goliath beetle is heavily wounded.
The goliath beetle bites you!
* * * LOW HITPOINT WARNING * * *
You scratch the goliath beetle but do no damage.
The goliath beetle is heavily wounded.
You scratch the goliath beetle.
The goliath beetle is severely wounded.
The goliath beetle bites you!
You die...

+..##.##..##.....+...
##.##.##..##.##..##.. #
#.##.....##+##'###.. .
..##.##..##..[...... #.
#+##.###+##.........
..##.##.##.....##.##......
......#.##'##..##.##+###..
#......'.##.##..##.# #..
#KB@........+ ...
#######+###+# ##+


You could see a goliath beetle and a kobold.

Vanquished Creatures
  2 ice beasts (D:6)
  A sky beast (D:6)
  A phantom (D:5)
  A big kobold (D:5)
  Duvessa (D:4)
  A giant frog (D:6)
  Blork the orc (D:4)
  2 jellies
  The ghost of Conn321 the Chiller, a weakling OpIE (D:3)
  Dowan (D:4)
  A goliath beetle (D:6)
  A centaur zombie (D:5)
  3 crimson imps
  A hound (D:6)
  A giant frog skeleton (D:6)
  An iguana (D:5)
  2 orc wizards (D:6)
  A hound skeleton (D:4)
  3 gnolls (D:5)
  10 adders
  A shadow imp (D:4)
  2 giant mites
  2 worms
  A giant gecko (D:1)
  18 orcs
  2 ball pythons
  12 giant cockroaches
  14 goblins
  7 hobgoblins
  10 jackals
  4 quokkas
  12 bats
  4 giant newts
  12 kobolds
  13 rats
150 creatures vanquished.

Notes
Turn   | Place    | Note
--------------------------------------------------------------
     0 | D:1      | Chiseanne, the Troll Transmuter, began the quest for the Orb.
     0 | D:1      | Reached XP level 1. HP: 18/18 MP: 2/2
   186 | D:1      | Reached skill level 1 in Fighting
   201 | D:1      | Reached XP level 2. HP: 27/27 MP: 2/2
   536 | D:1      | Reached XP level 3. HP: 30/33 MP: 3/3
   541 | D:1      | Learned a level 3 spell: Spider Form
  1145 | D:2      | Reached XP level 4. HP: 37/41 MP: 4/4
  1227 | D:3      | Noticed Conn321's ghost (weakling OpIE)
  1275 | D:3      | Killed Conn321's ghost
  1721 | D:3      | Reached XP level 5. HP: 48/48 MP: 4/4
  1856 | D:3      | Reached skill level 1 in Throwing
  2387 | D:4      | Noticed Duvessa
  2398 | D:4      | Noticed Dowan
  2403 | D:4      | Killed Duvessa
  2403 | D:4      | Reached XP level 6. HP: 43/57 MP: 4/6
  2429 | D:4      | Killed Dowan
  2475 | D:4      | Noticed Blork the orc
  2490 | D:4      | Killed Blork the orc
  2490 | D:4      | Reached skill level 4 in Dodging
  2679 | D:4      | Found a stormy altar of Qazlal.
  2710 | D:4      | Found a bloodstained altar of Trog.
  3228 | D:5      | Entered Level 5 of the Dungeon
  3228 | D:5      | Found Kaeserghuwi's Armour Shop.
  3406 | D:5      | Reached XP level 7. HP: 62/66 MP: 8/8
  3840 | D:5      | Found an opulent altar of Gozag.
  3900 | D:5      | Reached skill level 5 in Dodging
  4354 | D:6      | Found a snail-covered altar of Cheibriados.
  4463 | D:6      | Reached XP level 8. HP: 75/75 MP: 7/9
  4615 | D:6      | Reached skill level 6 in Dodging
  4953 | D:6      | Slain by a goliath beetle

Action                   |  1- 3 |  4- 6 |  7- 9 || total
-------------------------+-------+-------+-------++-------
Melee: Unarmed           |    80 |   211 |   281 ||   572
Throw: Tomahawk          |       |    14 |     1 ||    15
       Large rock        |       |     6 |       ||     6
 Cast: Beastly Appendage |     1 |     6 |    18 ||    25
Evoke: Wand              |       |     8 |     9 ||    17
  Use: Scroll            |       |    15 |     2 ||    17
       Potion            |       |     2 |       ||     2
  Eat: Chunk             |    14 |    22 |    10 ||    46
